 Dungeon Crawl Stone Soup version 0.29-a0-2-g12fcac58f8 (webtiles) character file.

Game seed: 11568646541701007697

179 ragingrage the Charlatan (level 5, -2/32 HPs)
             Began as a Gargoyle Artificer on Jan 26, 2022.
             Slain by a gnoll (5 damage)
             ... on level 4 of the Dungeon.
             The game lasted 00:04:15 (5299 turns).

ragingrage the Charlatan (Gargoyle Artificer)       Turns: 5299, Time: 00:04:15

Health: -2/32      AC: 11    Str: 18    XL:     5   Next: 59%
Magic:  5/5        EV: 11    Int: 11    God:
Gold:   8          SH:  0    Dex: 10    Spells: 4/4 levels left

rFire   . . .      SeeInvis .   x - +0 dagger (freeze)
rCold   . . .      Faith    .   (no shield)
rNeg    + . .      Spirit   .   b - +0 leather armour
rPois   ∞          Reflect  .   (no helmet)
rElec   +          Harm     .   (no cloak)
rCorr   .          Rampage  .   (no gloves)
Will    .....                   (no boots)
Stlth   +.........              (no amulet)
HPRegen 0.10/turn               h - +4 ring of protection
MPRegen 0.09/turn               o - ring of flight

@: flying
A: sickness immunity, AC +4, negative energy resistance 1, electricity
resistance, torment resistance 1, petrification resistance
a: no special abilities


You were on level 4 of the Dungeon.
You visited 1 branch of the dungeon, and saw 5 of its levels.

You collected 144 gold pieces.
You spent 136 gold pieces at shops.

Inventory:

Hand Weapons
 a - a +0 hand axe
 x - a +0 dagger of freezing (weapon)
Missiles
 p - 6 poisoned darts (quivered)
Armour
 b - a +0 leather armour (worn)
 y - a +2 pair of gloves
Jewellery
 h - a +4 ring of protection (left hand)
 o - a ring of flight (right hand)
Wands
 c - a wand of flame (9)
 d - a wand of charming (15)
 g - a wand of acid (9)
 r - a wand of digging (4)
 v - a wand of iceblast (6)
Scrolls
 i - 7 scrolls of identify {unknown}
 j - a scroll of immolation {unknown}
 k - a scroll of vulnerability {unknown}
 l - 2 scrolls of noise {unknown}
 m - a scroll of brand weapon {unknown}
 q - 2 scrolls of amnesia {unknown}
 s - a scroll of torment {unknown}
 u - 3 scrolls of blinking
 w - 3 scrolls of teleportation
Potions
 f - 2 potions of curing {unknown}
 n - a potion of lignification {unknown}
 t - a potion of attraction {unknown}
 z - 2 potions of brilliance {unknown}
 A - a potion of degeneration {unknown}
 B - a potion of mutation {unknown}
 C - a potion of heal wounds {unknown}
 D - a potion of might {unknown}
Miscellaneous
 e - a piece from Xom's chessboard (15/15)


   Skills:
 - Level 3.5 Fighting
 + Level 1.4 Axes
 - Level 2.1 Armour
 - Level 0.7 Dodging
 - Level 1.1 Stealth
 + Level 4.3 Evocations


You had 4 spell levels left.
You didn't know any spells.
Your spell library was empty.

Dungeon Overview and Level Annotations

Branches:
Dungeon (5/15)
 Temple: D:4-7

Altars:
Ru
Xom

Shops:
D:4 (?*

Annotations:
D:4 exclusion: hornet


Innate Abilities, Weirdness & Mutations

You are immune to sickness and miasma.
Your stone body is resilient. (AC +4)
You are immune to poison.
You resist negative energy. (rN+)
You are resistant to electric shocks. (rElec)
You are resistant to unholy torment.
You are immune to petrification.


Message History

The ufetubus closely misses you. x3; The ufetubus misses you.
You barely miss the ufetubus.
The ufetubus is heavily wounded.
The ufetubus hits you but does no damage. x2
You barely miss the ufetubus.
The ufetubus is heavily wounded.
The ufetubus barely misses you.
The ufetubus hits you but does no damage.
The ufetubus closely misses you. The ufetubus hits you.
You closely miss the ufetubus.
The ufetubus is heavily wounded.
The ufetubus hits you but does no damage. x2
You miss the ufetubus.
The ufetubus is heavily wounded.
The ufetubus hits you.
* * * LOW HITPOINT WARNING * * *
The ufetubus hits you.
* * * LOW HITPOINT WARNING * * *
The ufetubus closely misses you. x2
You hit the ufetubus but do no damage.
The ufetubus is heavily wounded.
The ufetubus barely misses you.
The ufetubus hits you but does no damage.
You hit the ufetubus but do no damage.
The ufetubus is heavily wounded.
The ufetubus barely misses you.
The ufetubus hits you but does no damage. x3
You hit the ufetubus.
The ufetubus is almost dead.
The ufetubus barely misses you. The ufetubus closely misses you.
You hit the ufetubus.
You kill the ufetubus!
You hit the gnoll. You freeze the gnoll.
The gnoll is lightly wounded.
The gnoll hits you with a +0 flail.
* * * LOW HITPOINT WARNING * * *
You closely miss the gnoll.
The gnoll is lightly wounded.
The gnoll hits you with a +0 flail.
You die...

#.####....#.....#
#.####.##.#####.#
#.##...#........######
#.#>..................
#.#......#.....#####.#
#.....................
#####.####.####.####.#
#g# #.# #.# ### #@#
#.# #.# #.# #.####.#
#.####......#
#....#......#
########.#......#
#...............#
#............>..#
#.........##.####
#############.#


You could see a gnoll.

Vanquished Creatures
  An iguana (D:4)
  An orc wizard (D:4)
  An adder (D:2)
  2 ufetubi (D:4)
  An adder skeleton (D:4)
  2 worms (D:2)
  A dart slug (D:1)
  4 orcs
  5 ball pythons
  7 endoplasms
  2 giant cockroaches
  9 goblins
  5 hobgoblins
  4 jackals (D:3)
  11 kobolds
  7 quokkas
  9 bats
  7 frilled lizards
  10 rats
  A spectral hobgoblin (D:1)
90 creatures vanquished.

Notes
Turn   | Place    | Note
-------+----------+-------------------------------------------
     0 | D:1      | ragingrage the Gargoyle Artificer began the quest for the
                  | Orb.
     0 | D:1      | Reached XP level 1. HP: 12/12 MP: 1/1
   389 | D:2      | Reached XP level 2. HP: 5/17 MP: 2/2
   682 | D:2      | Reached skill level 3 in Evocations
   877 | D:2      | Reached XP level 3. HP: 21/21 MP: 3/3
  1320 | D:1      | Found a faded altar of an unknown god.
  2032 | D:2      | Reached XP level 4. HP: 26/27 MP: 4/4
  4073 | D:4      | Reached skill level 4 in Evocations
  4073 | D:4      | Reached XP level 5. HP: 17/32 MP: 5/5
  4245 | D:4      | Found a shimmering altar of Xom.
  4279 | D:4      | Found a sacrificial altar of Ru.
  4347 | D:4      | Found Lyzi's Magic Scroll Shop.
  4379 | D:4      | Bought a scroll of teleportation for 39 gold pieces
  4379 | D:4      | Bought a scroll of blinking for 97 gold pieces
  4412 | D:4      | Found Untixo Ytoig's General Store.
  4412 | D:4      | Noticed a hornet
  4592 | D:4      | Reached skill level 1 in Axes
  4939 | D:4      | Found Jurheade's Antique Weapon Boutique.
  5273 | D:5      | Entered Level 5 of the Dungeon
  5299 | D:4      | Slain by a gnoll

Illustrated notes

Levels and vault maps discovered:
D:1:      dpeg_arrival_central, layout_rooms, serial_forest,
          infiniplex_forest_end_2, infiniplex_forest_straight_2,
          infiniplex_forest_lined_3_way, infiniplex_forest_straight_3,
          dreamdust_ecumenical_altar_drowned_temple
D:2:      layout_basic, grunt_ministairs_11, kennysheep_potato
D:3:      layout_basic
D:4:      layout_basic, nicolae_overflow_crystal_walls,
          mainiacjoe_overflow_six_doors_small, serial_shops,
          nicolae_shop_waterfront, nicolae_shop_stone, nicolae_lakefront_shop,
          kennysheep_generic_room_12
D:5:      layout_cave_pods

Skill      XL: |  1  2  3  4  5 |
---------------+----------------+-----
Evocations     | 3 4 |  4.3
Fighting       | 2 3 |  3.5
Axes           | 1 |  1.4
Armour         | |  2.1
Dodging        | |  0.7
Stealth        | |  1.1

Action                   |  1- 3 |  4- 6 || total
-------------------------+-------+-------++-------
Melee: Club              |    15 |       ||    15
       Spear             |   145 |   125 ||   270
       Dagger            |       |   174 ||   174
       Punch             |       |     6 ||     6
Throw: Dart              |       |     4 ||     4
Evoke: Wand              |     3 |     3 ||     6
 Stab: Sleeping          |     3 |       ||     3
Armor: Leather armour    |    69 |   166 ||   235
Dodge: Dodged            |    90 |   192 ||   282

Table legend: (Time is in decaauts)
 A = Elapsed time spent in this place.
 B = Non-inter-level travel time spent in this place.
 C = Inter-level travel time spent in this place.
 D = Time resting spent in this place.
 E = Time spent auto-exploring this place.
 F = Levels seen in this place.
 G = Mean time per level.
                   A        B        C        D        E       F      G
               +--------+--------+--------+--------+--------+-----+--------+
         Total |   5330 |   5172 |    158 |   1891 |   2326 |   5 | 1066.0 |
       Dungeon |   5330 |   5172 |    158 |   1891 |   2326 |   5 | 1066.0 |
               +--------+--------+--------+--------+--------+-----+--------+

Top non-repeatable levels by time:
     D:2: 1772 daAuts
     D:4: 1310 daAuts
     D:3: 1148 daAuts
     D:1: 1091 daAuts
     D:5: 6 daAuts
